 Dungeon Crawl Stone Soup version 0.31-a0-95-g6fa058ef04 (webtiles) character file.

Game seed: 8623203882554873108

11 IdlyInterested the Stinger (level 2, -13/22 HPs)
             Began as a Demonspawn Wanderer on May 25, 2023.
             Engulfed by a cloud of flame (25 damage)
             ... on level 1 of the Dungeon.
             The game lasted 00:01:59 (431 turns).

IdlyInterested the Stinger (Demonspawn Wanderer)     Turns: 431, Time: 00:01:59

Health: -13/22     AC: 10    Str: 11    XL:     2   Next: 13%
Magic:  3/3        EV: 10    Int: 16    God:
Gold:   18         SH:  0    Dex: 10    Spells: 2/3 levels left

rFire   . . .        e - +0 mace
rCold   . . .        (no shield)
rNeg    . . .        c - +0 ring mail
rPois   .            k - +0 helmet
rElec   .            (no cloak)
rCorr   .            h - +0 pair of gloves
SInv    .            g - +2 pair of boots
Will    .....        (no amulet) Stlth
                     (no ring)
HPRegen 0.23/turn    (no ring)
MPRegen 0.08/turn

%: no passive effects
@: no status effects
A: condensation shield
a: no special abilities


You were on level 1 of the Dungeon.
You visited 1 branch of the dungeon, and saw 1 of its levels.

You collected 18 gold pieces.

Inventory:

Hand Weapons
 a - a +0 short sword
 e - a +0 mace (weapon)
Missiles
 d - 12 stones
Armour
 c - a +0 ring mail (worn)
 g - a +2 pair of boots (worn)
 h - a +0 pair of gloves (worn)
 k - a +0 helmet (worn)
Scrolls
 i - a scroll of vulnerability {unknown}
 j - a scroll of identify {unknown}
 l - a scroll of noise {unknown}
Potions
 b - a potion of heal wounds
 f - a potion of resistance {unknown}


   Skills:
 * Level 1.9 Fighting
 - Level 1.7 Armour
 + Level 0.7 Dodging
 - Level 1.0 Spellcasting
 - Level 1.0 Transmutations
 - Level 4.0 Poison Magic
 - Level 1.2 Invocations


You had 2 spell levels left.
You knew the following spells:

 Your Spells              Type           Power      Damage    Failure   Level
a - Sting                 Tmut/Pois      32%        1d4       21%         1

Your spell library contained the following spells:

 Spells                   Type           Power      Damage    Failure   Level
 Cigotuvi's Dreadful Rot  Necr/Pois/Air  8%         N/A       45%         2
 Wereblood                Tmut           4%         N/A       47%         2
 Passwall                 Tmut/Erth      1%         N/A       56%         2
 Mephitic Cloud           Conj/Pois/Air  4%         N/A       71%         3


Dungeon Overview and Level Annotations

Branches:
Dungeon (1/15)

Altars:


Innate Abilities, Weirdness & Mutations

A meltable shield of frost defends you. (SH +0)


Message History

The ball python closely misses you. The ball python constricts you.
You hit the ball python.
You kill the ball python!
Found a helmet.
You see here a ball python corpse.
A giant cockroach comes into view.
The giant cockroach waves its antennae.
You barely miss the giant cockroach.
The giant cockroach waves its antennae.
The giant cockroach barely misses you.
You hit the giant cockroach.
The giant cockroach is almost dead.
The giant cockroach bites you. x2
You completely miss the giant cockroach.
The giant cockroach is almost dead.
The giant cockroach bites you.
The giant cockroach bites you but does no damage.
You closely miss the giant cockroach.
The giant cockroach is almost dead.
You block the giant cockroach's attack.
You thump the giant cockroach!
You kill the giant cockroach!
Found 7 gold pieces.
You see here a +0 helmet.
k - a +0 helmet You start putting on your armour.
You continue putting on your +0 helmet. x4
You finish putting on your +0 helmet.
Found a scroll labelled QUEPPIEMOLO.
You now have 18 gold pieces (gained 7).
Found four items.
Really walk into a travel-excluded area?
Found 4 stones.
You are engulfed in blazing flames.
Your condensation shield dissipates!
Ouch! That really hurt!
You see here a scroll labelled QUEPPIEMOLO.
l - a scroll labelled QUEPPIEMOLO You are engulfed in blazing flames.
Ouch! That really hurt!
You die...

##.......#
..........#
#.#######
..#####...# #
#...# #
#...#####.# ####.#
#§ #.#.......#
....## #☼§
#.######### ..#..#
#...#####.###
..##..§§
.()..☼§○....# ..#
...°§..$..§°☼....#
..#
....§.:!!.○°@....#
..#
######...#####...#
.... #§§ #...#
##..# § #...# .
.## #...# #...#
...# ####


There were no monsters in sight!

Vanquished Creatures
  An endoplasm (D:1)
  A giant cockroach (D:1)
  A quokka (D:1)
  3 ball pythons (D:1)
  2 bats (D:1)
  3 kobolds (D:1)
  2 rats (D:1)
13 creatures vanquished.

Notes
Turn   | Place    | Note
-------+----------+-------------------------------------------
     0 | D:1      | IdlyInterested the Demonspawn Wanderer began the quest for
                  | the Orb.
     0 | D:1      | IdlyInterested set off with the following items: a +0 club,
                  | a potion of heal wounds, a +0 ring mail; and the following
                  | spell memorised: Sting; and the following spells available
                  | to memorise: Cigotuvi's Dreadful Rot, Wereblood, Passwall,
                  | Mephitic Cloud.
     0 | D:1      | Reached XP level 1. HP: 15/15 MP: 2/2
   334 | D:1      | Gained mutation: A meltable shield of frost defends you.
                  | (SH +0) [demonic ancestry]
   334 | D:1      | Reached XP level 2. HP: 22/22 MP: 3/3
   431 | D:1      | Engulfed by a cloud of flame

Illustrated notes

Levels and vault maps discovered:
D:1:      dpeg_arrival_tiny_k, layout_rooms, lemuel_flame_loot_1

Action                     || total
---------------------------++-------
  Melee: Mace              ||    34
         Club              ||     1
   Cast: Sting             ||     2
 Armour: Ring mail         ||    22
  Dodge: Dodged            ||    19
  Block: Other             ||     1

Table legend: (Time is in decaauts)
 A = Elapsed time spent in this place.
 B = Non-inter-level travel time spent in this place.
 C = Inter-level travel time spent in this place.
 D = Time resting spent in this place.
 E = Time spent auto-exploring this place.
 F = Levels seen in this place.
 G = Mean time per level.
                   A        B        C        D        E       F      G
               +--------+--------+--------+--------+--------+-----+--------+
         Total |    444 |    444 |      0 |     47 |    225 |   1 |  444.0 |
       Dungeon |    444 |    444 |      0 |     47 |    225 |   1 |  444.0 |
               +--------+--------+--------+--------+--------+-----+--------+

Top non-repeatable levels by time:
     D:1: 444 daAuts
